 Dungeon Crawl Stone Soup version 0.21.1-1-g345015fe64 (webtiles) character file.

9 Knicklaso the Charmwright (level 2, -8/19 HPs)
             Began as a Halfling Skald on Apr 10, 2018.
             Mangled by a worm (10 damage)
             ... on level 1 of the Dungeon.
             The game lasted 00:01:40 (954 turns).

Knicklaso the Charmwright (Halfling Skald)           Turns: 954, Time: 00:01:42

Health: -8/19      AC:  3    Str: 12    XL:     2   Next: 20%
Magic:  4/4        EV: 14    Int: 11    God:
Gold:   26         SH:  0    Dex: 13    Spells: 3/4 levels left

rFire    . . .     SeeInvis .   a - +0 falchion
rCold    . . .     Gourm    .   (shield restricted)
rNeg     . . .     Faith    .   b - +0 leather armour
rPois    .         Spirit   .   (no helmet)
rElec    .         Reflect  .   (no cloak)
rCorr    .         Harm     .   (no gloves)
MR       .....                  (no boots)
Stlth    +.........             (no amulet)
HPRegen  0.06/turn              (no ring)
MPRegen  0.09/turn              (no ring)

@: no status effects
A: small, mutation resistance 1
a: no special abilities


You were on level 1 of the Dungeon.
You were not hungry.

You visited 1 branch of the dungeon, and saw 2 of its levels.

You collected 26 gold pieces.

Inventory:

Hand Weapons
 a - a +0 falchion (weapon)
Armour
 b - a +0 leather armour (worn)
Scrolls
 f - a scroll of identify {unknown}
 i - a scroll of fear {unknown}
 k - a scroll of fog {unknown}
 l - a scroll of magic mapping {unknown}
Potions
 e - a potion of ambrosia {unknown}
 g - 2 potions of curing {unknown}
 h - a potion of mutation {unknown}
 j - a potion of heal wounds {unknown}
Books
 c - a book of Battle

   Spells                             Type                      Level
   a - Infusion                       Charms                       1
   b - Shroud of Golubria             Charms/Translocation         2
   c - Song of Slaying                Charms                       2
   d - Spectral Weapon                Hexes/Charms                 3
   e - Regeneration                   Charms/Necromancy            3
Comestibles
 d - 2 rations


   Skills:
 + Level 2.0 Fighting
 * Level 2.4 Long Blades
 - Level 1.1 Armour
 + Level 2.4 Dodging
 - Level 1.5 Spellcasting
 - Level 3.2 Charms


You had 3 spell levels left.
You knew the following spells:

 Your Spells              Type           Power        Failure   Level  Hunger
a - Infusion              Chrm           #...         10%         1    ##.....


Dungeon Overview and Level Annotations

Branches:
Dungeon (2/15)

Altars:


Innate Abilities, Weirdness & Mutations

You are small and have problems with some larger weapons.
You are somewhat resistant to further mutation.


Message History

The worm bites you. The goblin hits you with a club. The worm bites you.
You hit the worm.
The worm is almost dead.
The goblin closely misses you.
You riposte.
You hit the goblin but do no damage. The worm bites you.
* * * LOW HITPOINT WARNING * * *
The worm barely misses you.
You are too injured to fight recklessly!
You are too injured to fight recklessly!
The goblin hits you with a club.
* * * LOW HITPOINT WARNING * * *
You climb upwards.
There is a stone staircase leading down here.
The goblin hits you with a club.
* * * LOW HITPOINT WARNING * * *
The worm barely misses you.
You riposte.
You slash the worm!
The worm is moderately wounded.
The worm bites you!
Ouch! That really hurt!
You die...

######### # #.......#
########### #.#####.#
#.......... #.# #.#####
########..........
#.#####.#...###......+........[.
#.#.............######..........
#.##.##.#.#.##..# #..........
#.##.##.#.#.##..# #..........
#.##.##.#.#.##g@######..........
#.##.##.#.#.##w>w...............
#.##....#.#.....######.#########
#.##.#..#.#.###.######.#########
#.####..#.### #.................
#.####..#.### ####.....#########
#....#..#...# ##.#...........
####.#..###.# #.#.####......
##'#..# #.# #.#.# #......


You could see 2 worms and a goblin.

Vanquished Creatures
  A dart slug (D:1)
  A goblin (D:1)
  A hobgoblin (D:1)
  3 bats (D:1)
  A kobold (D:1)
7 creatures vanquished.

Notes
Turn   | Place    | Note
-------+----------+-------------------------------------------
     0 | D:1      | Knicklaso the Halfling Skald began the quest for the Orb.
     0 | D:1      | Reached XP level 1. HP: 14/14 MP: 3/3
     0 | D:1      | Noticed a large abomination
     0 | D:1      | Noticed an iron dragon
     0 | D:1      | Noticed a white draconian
     2 | D:1      | Noticed a shadow dragon
     4 | D:1      | Noticed an iron dragon
     6 | D:1      | Noticed an orb of fire
     7 | D:1      | Noticed a tentacled monstrosity
     8 | D:1      | Noticed an orb of fire
    10 | D:1      | Noticed an ice dragon
    10 | D:1      | Noticed an iron dragon
    12 | D:1      | Noticed an ice dragon
    12 | D:1      | Noticed an ice dragon
    14 | D:1      | Noticed an ice dragon
    14 | D:1      | Noticed a shadow dragon
    14 | D:1      | Noticed an iron dragon
    16 | D:1      | Noticed a shadow dragon
    16 | D:1      | Noticed a large abomination
   457 | D:1      | Reached XP level 2. HP: 19/19 MP: 4/4
   954 | D:1      | Mangled by a worm

Skill      XL: |  1  2 |
---------------+-------+-----
Fighting       | 2 |  2.0
Long Blades    | |  2.4
Armour         | |  1.1
Dodging        | |  2.4
Spellcasting   | |  1.5
Charms         | |  3.2

Action                   || total
-------------------------++-------
Melee: Falchion          ||    24
 Cast: Infusion          ||     2
Armor: Leather armour    ||     7
Dodge: Dodged            ||    19
       Rpst.: Falchion   ||     8
